 Dungeon Crawl Stone Soup version 0.28-a0-1002-gf00fe891ef (webtiles) character file.

Game seed: 17828387249480331540

77 Umoon the Ducker (level 4, 0/35 HPs)
             Began as a Demonspawn Gladiator on Dec 6, 2021.
             Slain by Sigmund (6 damage)
             ... on level 3 of the Dungeon.
             The game lasted 00:03:06 (2523 turns).

Umoon the Ducker (Demonspawn Gladiator)             Turns: 2523, Time: 00:03:06

Health: 0/35       AC:  7    Str: 17    XL:     4   Next: 13%
Magic:  4/4        EV: 12    Int:  9    God:
Gold:   77         SH:  0    Dex: 14    Spells: 3/3 levels left

rFire   . . .      SeeInvis .   p - +2 whip (elec)
rCold   . . .      Faith    .   (no shield)
rNeg    . . .      Spirit   .   b - +0 leather armour
rPois   .          Reflect  .   n - +2 hat {Stlth+}
rElec   .          Harm     .   (no cloak)
rCorr   .          Rampage  .   (no gloves)
Will    .....                   (no boots)
Stlth   ++........              (no amulet)
HPRegen 0.11/turn               (no ring)
MPRegen 0.09/turn               (no ring)

@: confused
A: slimy green scales 1
a: no special abilities


You were on level 3 of the Dungeon.
You visited 1 branch of the dungeon, and saw 3 of its levels.

You collected 77 gold pieces.

Inventory:

Hand Weapons
 a - a +0 rapier
 h - a +3 spear of flaming
 p - a +2 whip of electrocution (weapon)
Missiles
 d - 5 throwing nets (quivered)
Armour
 b - a +0 leather armour (worn)
 c - a +0 helmet
 n - a +2 hat of stealth (worn)
Scrolls
 f - 3 scrolls of teleportation {unknown}
 g - 2 scrolls of fear {unknown}
 k - 4 scrolls of identify {unknown}
 l - a scroll of torment {unknown}
 m - a scroll of immolation {unknown}
 o - a scroll of enchant weapon {unknown}
Potions
 e - a potion of attraction {unknown}
 i - 2 potions of heal wounds {unknown}
 j - a potion of brilliance {unknown}
 q - a potion of ambrosia {unknown}


   Skills:
 + Level 3.0 Fighting
 - Level 2.6 Short Blades
 - Level 1.7 Throwing
 + Level 1.8 Armour
 + Level 3.3 Dodging


You had 3 spell levels left.
You didn't know any spells.
Your spell library contained the following spells:

 Spells                   Type           Power      Damage    Failure   Level
 Slow                     Hex            0%         N/A       43%         1
 Searing Ray              Conj           0%         2d4       58%         2
 Confusing Touch          Hex            0%         N/A       82%         3
 Conjure Flame            Conj/Fire      0%         6-21      82%         3
 Fireball                 Conj/Fire      0%         3d3       100%        5
 Freezing Cloud           Conj/Ice/Air   0%         6-21      100%        5
 Yara's Violent Unravell  Hex/Tmut       0%         3d3       100%        5


Dungeon Overview and Level Annotations

Branches:
Dungeon (3/15)

Altars:
Kikubaaqudgha
Qazlal

Shops:
D:2 *[*[[

Annotations:
D:3 Sigmund


Innate Abilities, Weirdness & Mutations

You are partially covered in slimy green scales. (AC +2)


Message History

Sigmund misses you. Sigmund barely misses you.
You hit Sigmund.
Sigmund is lightly wounded.
You barely miss Sigmund.
Sigmund is lightly wounded.
Sigmund is suddenly surrounded by pale blue light.
Sigmund mumbles some strange words.
Sigmund flickers and vanishes!
Deactivating autopickup; reactivate with Ctrl-A.
No target in view!
No target in view!
No target in view!
No target in view!
You miss something. Something hits you but does no damage.
You closely miss something. Something hits you!
You hit something but do no damage. Something hits you!
You barely miss something. You barely miss something.
Something hits you but does no damage.
You hit something but do no damage.
You hear some strange, mumbled words.
A magic dart appears from out of thin air!
The magic dart hits you.
You closely miss something.
You hear some strange, mumbled words.
A puff of flame appears from out of thin air!
The puff of flame misses you.
You closely miss something. Something hits you.
* * * LOW HITPOINT WARNING * * *
You barely miss something. Something hits you but does no damage.
You whack something! You hit something. Something hits you but does no damage.
You hit something.
You hear some strange, mumbled words.
You are confused.
You bump into the rock wall.
Something hits you but does no damage. Something hits you.
* * * LOW HITPOINT WARNING * * *
You completely miss something. Something hits you.
You die...

#.. #.### #.#...#
#.#.#.##### .#..#
#.#.#.##.. .#..#
#.#.#.##{#
.#..#.#.#.#.#.##@#
.#..#.#.#...#.##.#
.#..#.#.#.#<#.##.#
.#..#.#.#.#......#
.#..#.#.#.#.#.####
.#..#.#.#.#.#.#
....#.#.#.#.#.#
.........>#.#.#
......#.###.#.#


There were no monsters in sight!

Vanquished Creatures
  A gnoll (D:3)
  3 dart slugs
  2 orcs
  6 endoplasms
  2 giant cockroaches
  5 hobgoblins
  7 jackals
  2 quokkas
  4 ball pythons
  4 bats (D:2)
  4 frilled lizards
  4 goblins
  6 kobolds
  6 rats
56 creatures vanquished.

Notes
Turn   | Place    | Note
-------+----------+-------------------------------------------
     0 | D:1      | Umoon the Demonspawn Gladiator began the quest for the Orb.
     0 | D:1      | Reached XP level 1. HP: 16/16 MP: 1/1
   145 | D:1      | Found a faded altar of an unknown god.
   267 | D:1      | Gained mutation: You are partially covered in slimy green
                  | scales. (AC +2) [demonic ancestry]
   267 | D:1      | Reached XP level 2. HP: 22/22 MP: 2/2
   346 | D:1      | Reached skill level 1 in Armour
   654 | D:1      | Reached XP level 3. HP: 28/28 MP: 3/3
  1001 | D:2      | Found Hofuh's Antique Armour Emporium.
  1018 | D:2      | Found Qahar's Antique Armour Shop.
  1078 | D:2      | Found Cuqyamn's General Store.
  1175 | D:2      | Found Plog's General Store.
  1243 | D:2      | Found Qucaqume's Armour Shoppe.
  1463 | D:2      | Found a stormy altar of Qazlal.
  2096 | D:3      | Reached XP level 4. HP: 14/35 MP: 4/4
  2290 | D:3      | Found an ancient bone altar of Kikubaaqudgha.
  2390 | D:3      | Got the Tome of Attacks
  2502 | D:3      | Noticed Sigmund
  2523 | D:3      | Slain by Sigmund

Illustrated notes

Levels and vault maps discovered:
D:1:      nzn_arrival_crosshair, layout_basic,
          hellmonk_ecumenical_altar_slurped_away, nicolae_figureground_pulse
D:2:      layout_loops_ring, serial_shops, nicolae_shop_hallway_stairs, shop,
          shop, nicolae_shop_statue_plus, shop, basic_altar,
          roderic_serpentine_path, serial_bayou_crossing
D:3:      layout_basic, mainiacjoe_overflow_six_doors_small,
          grunt_ministairs_13, minmay_diced_spiral, uniq_sigmund

Skill      XL: |  1  2  3 |
---------------+----------+-----
Dodging        | 3 |  3.3
Armour         | 1 |  1.8
Fighting       | 3 |  3.0
Short Blades   | |  2.6
Throwing       | |  1.7

Action                   |  1- 3 |  4- 6 || total
-------------------------+-------+-------++-------
Melee: Rapier            |    40 |       ||    40
       Spear             |   104 |     3 ||   107
       Whip              |       |    15 ||    15
 Stab: Distracted        |     1 |       ||     1
       Sleeping          |     1 |       ||     1
Armor: Leather armour    |    38 |     6 ||    44
Dodge: Dodged            |    88 |     3 ||    91

Table legend: (Time is in decaauts)
 A = Elapsed time spent in this place.
 B = Non-inter-level travel time spent in this place.
 C = Inter-level travel time spent in this place.
 D = Time resting spent in this place.
 E = Time spent auto-exploring this place.
 F = Levels seen in this place.
 G = Mean time per level.
                   A        B        C        D        E       F      G
               +--------+--------+--------+--------+--------+-----+--------+
         Total |   2544 |   2500 |     44 |    337 |   1764 |   3 |  848.0 |
       Dungeon |   2544 |   2500 |     44 |    337 |   1764 |   3 |  848.0 |
               +--------+--------+--------+--------+--------+-----+--------+

Top non-repeatable levels by time:
     D:2: 1017 daAuts
     D:1: 1005 daAuts
     D:3: 520 daAuts
